 Dungeon Crawl Stone Soup version 0.25.0-11-g1f837a76a1 (webtiles) character file.

Game seed: 5005422309016385437

634 Legioner2108 the Ruffian (level 7, -1/57 HPs)
             Began as a Minotaur Monk on June 22, 2020.
             Was an Initiate of Dithmenos.
             Slain by a polar bear (2 damage)
             ... created by the rage of Trog
             ... on level 4 of the Dungeon on June 24, 2020.
             The game lasted 00:41:33 (4511 turns).

Legioner2108 the Ruffian (Minotaur Monk)            Turns: 4511, Time: 00:41:35

Health: -1/57      AC: 10    Str: 17    XL:     7   Next: 25%
Magic:  6/6        EV:  5    Int:  7    God:    Dithmenos [......]
Gold:   198        SH:  0    Dex: 13    Spells: 6/6 levels left

rFire    . . .     SeeInvis .     - Unarmed
rCold    . . .     Gourm    .   (no shield)
rNeg     . . .     Faith    .   d - +0 plate armour
rPois    .         Spirit   .   (helmet restricted)
rElec    .         Reflect  .   (no cloak)
rCorr    .         Harm     .   (no gloves)
MR       +....                  (no boots)
Stlth    ..........             (no amulet)
HPRegen  0.19/turn              s - ring of protection from magic
MPRegen  0.10/turn              (no ring)

@: no status effects
A: retaliatory headbutt, horns 2
a: Renounce Religion


You were on level 4 of the Dungeon.
You worshipped Dithmenos.
Dithmenos was noncommittal.
You were not hungry.

You visited 1 branch of the dungeon, and saw 4 of its levels.

You collected 198 gold pieces.

Inventory:

Hand Weapons
 e - a +0 scythe of venom
 g - a +0 flail
 l - a +3 whip
 o - a +6 club
 q - a +0 long sword
Missiles
 p - 3 boomerangs (quivered)
 t - 2 javelins
Armour
 d - a +0 plate armour (worn)
 i - a +0 scale mail
Jewellery
 s - a ring of protection from magic (left hand)
Wands
 a - a wand of acid (9)
 h - a wand of flame (23)
Scrolls
 f - a scroll of noise
 m - a scroll of magic mapping
Potions
 c - 2 potions of brilliance {unknown}
 j - 2 potions of curing
 k - a potion of heal wounds {unknown}
 n - 3 potions of stabbing
Comestibles
 b - 3 rations


   Skills:
 - Level 3.6 Fighting
 - Level 3.2 Dodging
 - Level 4.5 Stealth
 + Level 7.7 Unarmed Combat


You had 6 spell levels left.
You didn't know any spells.
Your spell library was empty.

Dungeon Overview and Level Annotations

Branches:
Dungeon (4/15)
 Temple: D:4-7

Altars:
Dithmenos
Sif Muna
Trog
Vehumet


Innate Abilities, Weirdness & Mutations

You reflexively headbutt those who attack you in melee.
You have a pair of horns on your head.


Message History

The black bear bites you.
The black bear claws you but does no damage. x2
The polar bear barely misses you.
The polar bear claws you but does no damage.
The polar bear closely misses you.
The black bear rages.
You feel better. The polar bear bites you!!
* * * LOW HITPOINT WARNING * * *
The polar bear claws you.
* * * LOW HITPOINT WARNING * * *
The polar bear barely misses you.
The black bear bites you but does no damage.
The black bear claws you but does no damage.
The black bear claws you.
* * * LOW HITPOINT WARNING * * *
The polar bear barely misses you. You furiously retaliate!
You headbutt the polar bear.
The polar bear claws you but does no damage.
The polar bear claws you.
You die...

....#oo#####
#.....#......#....♣.
....#o...#
#.....#......#....♣.
..?.#....#
#.....#......#....♣.
....'...##
#.....########...##. ....#...#
#............#...##. ######'##
#............#...... #....#
#.hhh........#...##. #....+
#.hhh........#...##. #....#
#..@.........'...#.. #....#
#............#...#..
#....######............##♣.♣#.
#....#........#######....♣.♣##
#....#........# #....♣.♣..
#....#...>....# #....♣.♣..
#........# #....♣.♣..
#........# #....♣.♣..
#........# #.........


You could see 3 polar bears and 3 black bears.

Vanquished Creatures
  Sigmund (D:3)
  A phantom (D:4)
  A scorpion (D:2)
  A hound (D:4)
  An orc wizard (D:4)
  Ijyb (D:3)
  Terence (D:3)
  2 worker ants (D:4)
  4 gnolls (D:4)
  4 adders
  An ooze (D:3)
  An adder skeleton (D:3)
  A worm (D:2)
  3 dart slugs
  2 leopard geckos
  6 orcs
  5 bats
  4 giant cockroaches
  6 goblins
  6 hobgoblins
  7 jackals
  2 quokkas
  2 ball pythons
  2 frilled lizards
  10 kobolds
  3 rats
  A plant (D:4)
79 creatures vanquished.

Notes
Turn   | Place    | Note
-------+----------+-------------------------------------------
     0 | D:1      | Legioner2108 the Minotaur Monk began the quest for the Orb.
     0 | D:1      | Reached XP level 1. HP: 19/19 MP: 0/0
   592 | D:1      | Reached XP level 2. HP: 26/26 MP: 1/1
   857 | D:1      | Reached skill level 4 in Unarmed Combat
  1158 | D:1      | You fall into a shaft and drop 1 floor!
  1444 | D:2      | Noticed a scorpion
  1451 | D:2      | Killed a scorpion
  1451 | D:2      | Reached skill level 5 in Unarmed Combat
  1451 | D:2      | Reached XP level 3. HP: 26/31 MP: 2/2
  1451 | D:2      | Reached XP level 4. HP: 33/39 MP: 3/3
  1939 | D:2      | Found a bloodstained altar of Trog.
  2066 | D:2      | Became a worshipper of Trog the Wrathful
  2066 | D:2      | Reached * piety under Trog
  2066 | D:2      | Reached ** piety under Trog
  2432 | D:3      | Noticed Terence
  2432 | D:3      | Noticed Sigmund
  2445 | D:3      | Killed Terence
  2445 | D:3      | Reached XP level 5. HP: 45/45 MP: 4/4
  2452 | D:3      | Killed Sigmund
  2452 | D:3      | Reached XP level 6. HP: 51/51 MP: 5/5
  2679 | D:3      | Noticed Ijyb
  2685 | D:3      | Killed Ijyb
  2771 | D:3      | Upgraded the game from 0.25.0-10-g039870ee82 to
                  | 0.25.0-11-g1f837a76a1
  2804 | D:3      | Reached skill level 6 in Unarmed Combat
  3582 | D:4      | Found a radiant altar of Vehumet.
  4209 | D:4      | Found a shadowy altar of Dithmenos.
  4225 | D:4      | Fell from the grace of Trog
  4225 | D:4      | Became a worshipper of Dithmenos the Shadowed
  4309 | D:4      | Reached skill level 7 in Unarmed Combat
  4309 | D:4      | Reached XP level 7. HP: 57/57 MP: 6/6
  4349 | D:4      | Found a shimmering blue altar of Sif Muna.
  4506 | D:4      | Noticed a polar bear
  4506 | D:4      | Noticed a polar bear
  4506 | D:4      | Noticed a polar bear
  4511 | D:4      | HP: 2/57 [polar bear[the rage of Trog] (4)]
  4511 | D:4      | Slain by a polar bear

Illustrated notes

Levels and vault maps discovered:
D:1:      psy_arrival_statuary, layout_basic, minmay_liquid_box
D:2:      layout_basic, bloody_trog, patterned_corridor
D:3:      layout_loops_ring, first_ration, serial_bayou_ford_a, uniq_ijyb,
          uniq_terence, uniq_sigmund
D:4:      layout_gridville, tgw_sif, vehumet_altar_wand_db, serial_forest,
          infiniplex_forest_end_double, infiniplex_forest_straight_2,
          infiniplex_forest_straight_3, infiniplex_forest_zigzag_1,
          infiniplex_forest_clump_medium, infiniplex_forest_clump_medium,
          infiniplex_forest_clump_diagonal, nicolae_dithmenos_the_darkroom

Skill      XL: |  1  2  3  4  5  6 |
---------------+-------------------+-----
Unarmed Combat | 5 7 |  7.7
Stealth        | 2 4 |  4.5
Fighting       | |  3.6
Dodging        | |  3.2

Action                   |  1- 3 |  4- 6 |  7- 9 || total
-------------------------+-------+-------+-------++-------
Melee: Mace              |    34 |     3 |       ||    37
       Unarmed           |     4 |    20 |    13 ||    37
       Headbutt          |     5 |    30 |     3 ||    38
       Dagger            |     2 |       |       ||     2
       Whip              |       |    66 |       ||    66
       Club              |       |    60 |       ||    60
       Scythe            |       |    33 |       ||    33
       Punch             |       |     2 |       ||     2
Throw: Boomerang         |       |       |    18 ||    18
Invok: Berserk           |       |     3 |       ||     3
       Trog's Hand       |       |     1 |       ||     1
  Use: Scroll            |     3 |    11 |     1 ||    15
       Potion            |       |       |     1 ||     1
 Stab: Sleeping          |     2 |       |       ||     2
  Eat: Ration            |     1 |     3 |       ||     4
       Chunk             |       |     3 |       ||     3
Armor: Ring mail         |    12 |    12 |       ||    24
       Robe              |     1 |       |       ||     1
       Plate armour      |       |    53 |    19 ||    72
       Scale mail        |       |     4 |       ||     4
Dodge: Dodged            |    26 |    80 |    10 ||   116
